AoeStats
← 魔君

Black Forest

509558981Analyzed
4v4 RM · 6d ago on Sep 27, 2026· 100m 47s· 8 players
Game mode
Random Map
Map size
Large (8 player)
Population
200
Speed
Normal
Resources
Standard
Victory
Conquest
Starting age
Dark Age
Ending age
Imperial Age
RankedLock teamsTeams togetherTeam positionsShared explorationLock speedFull tech treeHidden civsTurbo modeCheats
Victory
Defeat
🇲🇽 Cumans · Mexico
852
+12
🇵🇱 Wu · Poland
792
+14
🇨🇳 Turks · China
737
+17
🇪🇪 Britons · Estonia
664
+20
🇺🇸 Vikings · United States
830
-19
🇺🇸 Malians · United States
729
-15
🇦🇷 Celts · Argentina
729
-15
🇨🇳 Turks · China
717
-14
魔君
0:30 Loom
12:09 Feudal Age
14:48 Double-Bit Axe
14:52 Horse Collar
26:13 Stone Mining
26:14 Gold Mining
30:01 Castle Age
29:52 Fletching
30:02 Padded Archer Armor
30:14 Forging
30:04 Scale Mail Armor
30:10 Scale Barding Armor
32:07 Bow Saw
32:01 Heavy Plow
35:30 Wheelbarrow
34:41 Town Watch
35:58 Fortified Wall
35:44 Murder Holes
36:12 Ballistics
35:38 Treadmill Crane
36:08 Masonry
36:46 Bodkin Arrow
37:07 Leather Archer Armor
37:15 Hand Cart
39:32 Imperial Age
37:29 Hand Cart
40:30 Bracer
40:33 Artillery
41:10 Hoardings
40:56 Conscription
41:28 Gold Shaft Mining
41:07 Guilds
41:03 Squires
42:11 Ring Archer Armor
42:46 Bombard Tower
42:58 Architecture
42:21 Elite Janissary
43:56 Coinage
47:59 Two-Man Saw
50:19 Chain Barding Armor
50:14 Chain Mail Armor
56:20 Banking
55:50 Caravan
68:08 Plate Barding Armor
68:10 Iron Casting
68:05 Plate Mail Armor
70:03 Husbandry
70:13 Bloodlines
71:07 Blast Furnace
Zukomazi
0:32 Loom
13:14 Feudal Age
14:55 Double-Bit Axe
14:58 Horse Collar
19:06 Castle Age
17:51 Gold Mining
17:51 Stone Mining
20:01 Bow Saw
20:27 Heavy Plow
26:54 Scale Mail Armor
27:05 Forging
28:46 Fletching
29:53 Iron Casting
29:34 Chain Mail Armor
30:00 Wheelbarrow
29:10 Town Watch
34:15 Imperial Age
33:08 Caravan
35:06 Masonry
35:44 Plate Mail Armor
35:23 Squires
35:29 Pikeman
35:55 Arson
37:44 Chemistry
37:15 Architecture
36:25 Capped Ram
41:04 Tigui
41:01 Bodkin Arrow
45:31 Hand Cart
48:28 Elite Skirmisher
49:10 Padded Archer Armor
53:06 Conscription
53:37 Crop Rotation
54:11 Leather Archer Armor
55:44 Ballistics
55:05 Treadmill Crane
56:00 Ring Archer Armor
74:51 Sappers
nathanst1996
7:16 Loom
12:20 Feudal Age
16:23 Double-Bit Axe
22:36 Castle Age
27:54 Squires
29:14 Scale Mail Armor
29:06 Fletching
29:27 Forging
29:17 Padded Archer Armor
30:21 Bow Saw
29:53 Horse Collar
32:05 Bodkin Arrow
32:26 Chain Mail Armor
35:14 Elite Skirmisher
36:33 Iron Casting
36:20 Gold Mining
40:08 Imperial Age
40:25 Cavalier
40:41 Elite Berserk
41:30 Scale Barding Armor
41:56 Plate Mail Armor
42:24 Crossbowman
45:09 Bracer
45:20 Arbalester
47:48 Elite Varangian Guard
48:36 Chieftains
49:53 Bogsveigar
50:14 Conscription
53:16 Leather Archer Armor
54:08 Blast Furnace
55:45 Capped Ram
57:55 Ring Archer Armor
59:53 Siege Ram
61:41 Pikeman
66:46 Light Cavalry
Lucasavend
0:31 Loom
16:04 Feudal Age
17:03 Double-Bit Axe
24:16 Castle Age
25:36 Wheelbarrow
25:39 Stone Mining
26:10 Bow Saw
33:04 Imperial Age
31:29 Town Watch
31:30 Horse Collar
32:02 Gold Mining
32:24 Heavy Plow
33:48 Gold Shaft Mining
34:11 Fletching
35:43 Stone Shaft Mining
41:50 Hand Cart
44:11 Pikeman
44:37 Gambesons
44:38 Arson
46:57 Forging
46:48 Scale Mail Armor
49:06 Iron Casting
48:47 Chain Mail Armor
48:38 Halberdier
53:45 Plate Mail Armor
54:17 Blast Furnace
63:22 Capped Ram
73:12 Scale Barding Armor
76:43 Chain Barding Armor
77:57 Husbandry
77:18 Light Cavalry
78:16 Hussar
Zielonidas
7:02 Loom
10:17 Feudal Age
10:43 Double-Bit Axe
14:08 Horse Collar
19:41 Castle Age
18:08 Stone Mining
19:22 Gold Mining
21:02 Bow Saw
28:14 Padded Archer Armor
29:47 Fletching
30:44 Wheelbarrow
29:56 Town Watch
30:53 Caravan
30:58 Town Patrol
31:23 Ballistics
31:20 Leather Archer Armor
31:42 Hand Cart
32:16 Gold Shaft Mining
32:04 Bodkin Arrow
32:27 Red Cliffs Tactics
36:18 Imperial Age
34:19 Masonry
33:50 Treadmill Crane
34:06 Murder Holes
35:43 Heavy Plow
36:21 Elite Fire Archer
38:04 Chemistry
37:10 Bracer
39:58 Conscription
49:06 Forging
51:46 Light Cavalry
52:38 Bloodlines
52:30 Husbandry
53:11 Iron Casting
52:42 Scale Barding Armor
53:05 Hussar
58:35 Heavy Hei Guang Cavalry
60:33 Chain Barding Armor
61:14 Blast Furnace
66:58 Man-at-Arms
67:40 Squires
67:00 Pikeman
68:25 Scale Mail Armor
68:16 Arson
67:52 Long Swordsman
70:16 Two-Man Saw
70:00 Two-Handed Swordsman
72:54 Chain Mail Armor
72:21 Champion
78:01 Plate Mail Armor
槑槑
13:24 Feudal Age
14:19 Double-Bit Axe
14:17 Horse Collar
17:22 Castle Age
18:29 Bow Saw
19:08 Heavy Plow
23:26 Imperial Age
24:23 Wheelbarrow
23:34 Loom
25:18 Two-Man Saw
24:22 Padded Archer Armor
25:21 Gold Mining
29:38 Leather Archer Armor
29:57 Hand Cart
32:57 Gold Shaft Mining
32:13 Stone Mining
38:55 Ring Archer Armor
40:56 Elite Janissary
45:24 Scale Barding Armor
45:30 Forging
45:59 Bloodlines
45:50 Husbandry
46:00 Husbandry
47:14 Masonry
47:02 Murder Holes
47:28 Bombard Tower
49:26 Chain Barding Armor
49:42 Iron Casting
58:55 Coinage
58:25 Caravan
58:36 Guilds
66:02 Artillery
66:53 Architecture
66:06 Treadmill Crane
84:29 Plate Barding Armor
86:27 Blast Furnace
Hercule Poirot II
0:28 Loom
12:10 Feudal Age
13:08 Town Watch
13:17 Double-Bit Axe
13:24 Gold Mining
22:39 Castle Age
20:56 Fletching
22:18 Padded Archer Armor
22:11 Horse Collar
22:26 Stone Mining
24:20 Gold Shaft Mining
23:47 Heavy Plow
24:00 Bow Saw
24:56 Caravan
29:18 Wheelbarrow
32:29 Imperial Age
30:24 Sanctity
31:42 Town Patrol
32:21 Masonry
35:32 Two-Man Saw
34:58 Hand Cart
35:15 Conscription
35:35 Fortified Wall
36:54 Pikeman
37:35 Squires
38:32 Hoardings
38:03 Warwolf
37:28 Crossbowman
38:59 Arson
39:31 Forging
39:22 Scale Mail Armor
39:27 Scale Barding Armor
39:18 Bodkin Arrow
39:38 Leather Archer Armor
39:33 Siege Engineers
39:50 Ballistics
39:48 Husbandry
39:09 Light Cavalry
40:20 Fervor
40:30 Cavalier
41:34 Arbalester
44:02 Architecture
43:14 Treadmill Crane
43:30 Murder Holes
44:35 Chemistry
45:01 Sappers
45:35 Elite Skirmisher
45:39 Heavy Scorpion
47:46 Iron Casting
47:27 Chain Mail Armor
47:28 Leather Archer Armor
48:05 Bracer
48:26 Chain Barding Armor
52:06 Blast Furnace
51:36 Plate Mail Armor
52:44 Yeomen
54:55 Capped Ram
56:34 Plate Mail Armor
56:40 Plate Barding Armor
69:31 Onager
71:12 Halberdier
71:18 Man-at-Arms
71:43 Gambesons
74:41 Elite Longbowman
76:12 Coinage
75:53 Guilds
76:39 Plate Barding Armor
76:34 Ring Archer Armor
78:17 Banking
97:06 Cranequins
Troliyah
0:33 Loom
13:32 Feudal Age
18:12 Wheelbarrow
20:28 Castle Age
18:28 Double-Bit Axe
18:55 Stone Mining
20:33 Horse Collar
20:43 Town Watch
20:48 Capped Ram
24:05 Hand Cart
24:19 Bow Saw
28:05 Heavy Plow
29:09 Steppe Husbandry
33:06 Gold Mining
34:56 Forging
34:54 Scale Barding Armor
40:10 Imperial Age
38:29 Light Cavalry
39:19 Bloodlines
40:22 Hussar
52:50 Crop Rotation
52:26 Siege Ram
53:14 Murder Holes
53:30 Masonry
53:40 Elite Skirmisher
55:11 Town Patrol
63:05 Iron Casting
62:53 Chain Barding Armor
62:57 Conscription
62:39 Cuman Mercenaries
66:47 Blast Furnace
66:25 Plate Barding Armor
65:41 Fletching
71:57 Onager
81:45 Two-Man Saw
92:34 Caravan
97:15 Cuman Mercenaries
96:36 Elite Kipchak
99:32 Elite Kipchak
Connection lost

Rejoining the realm…

Still unreachable

The connection could not be restored.

Session expired

The server has moved on; the page needs a fresh start.